 Dungeon Crawl Stone Soup version 0.28.0-53-g5a82cb258f (webtiles) character file.

Game seed: 7474877446152761777

93 Zeld the Gusty (level 4, 0/24 HPs)
             Began as a Tengu Air Elementalist on May 25, 2022.
             Killed by their own static electricity (1 damage)
             ... on level 3 of the Dungeon.
             The game lasted 00:02:09 (3104 turns).

Zeld the Gusty (Tengu Air Elementalist)             Turns: 3104, Time: 00:02:10

Health: 0/24       AC:  2    Str:  8    XL:     4   Next: 61%
Magic:  5/9        EV: 12    Int: 17    God:
Gold:   49         SH:  0    Dex: 15    Spells: 3/9 levels left

rFire   . . .      SeeInvis .   (no weapon)
rCold   . . .      Faith    .   (no shield)
rNeg    . . .      Spirit   .   a - +0 robe
rPois   .          Reflect  .   (helmet restricted)
rElec   .          Harm     .   (no cloak)
rCorr   .          Rampage  .   (no gloves)
Will    .....                   (boots unavailable)
Stlth   ++........              (no amulet)
HPRegen 0.08/turn               (no ring)
MPRegen 0.11/turn               (no ring)

@: lethally poisoned (0 -> -5)
A: beak, talons 3
a: no special abilities


You were on level 3 of the Dungeon.
You visited 1 branch of the dungeon, and saw 3 of its levels.

You collected 49 gold pieces.

Inventory:

Armour
 a - a +0 robe (worn)
Scrolls
 b - a scroll of teleportation {unknown}
 d - 2 scrolls of amnesia {unknown}
 g - 3 scrolls of identify {unknown}
Potions
 c - a potion of ambrosia {unknown}
 e - 2 potions of curing {unknown}
 f - 2 potions of haste {unknown}
 h - a potion of heal wounds {unknown}
 i - 2 potions of lignification {unknown}
 j - a potion of degeneration {unknown}


   Skills:
 - Level 2.1 Dodging
 - Level 2.0 Stealth
 * Level 3.1 Spellcasting
 + Level 2.7 Conjurations
 * Level 5.3 Air Magic


You had 3 spell levels left.
You knew the following spells:

 Your Spells              Type           Power      Damage    Failure   Level
a - Shock                 Conj/Air       64%        1d7       3%          1
b - Static Discharge      Conj/Air       16%        N/A       4%          2
c - Swiftness             Air            20%        N/A       6%          3

Your spell library contained the following spells:

 Spells                   Type           Power      Damage    Failure   Level
 Airstrike                Air            10%        N/A       19%         4


Dungeon Overview and Level Annotations

Branches:
Dungeon (3/15)

Altars:

Portals:
Sewer: D:3

Annotations:
D:3 Sigmund, Terence


Innate Abilities, Weirdness & Mutations

You have a beak for a mouth.
You have claws for feet.


Message History

Terence zaps a wand.
The puff of flame hits you!
Terence opens the door.
The giant cockroach waves its antennae.
The giant cockroach waves its antennae.
A centaur skeleton comes into view.
The adder closely misses you. The adder bites you.
You hear the rusting of a drain.
The adder hisses angrily.
Terence says, "You're history."
The adder barely misses you.
Terence says, "You're history."
The adder bites you. The giant cockroach misses you.
Casting: Static Discharge (safe; 4% risk of failure)
Confirm with . or Enter, or press ? or * to list all spells.
The adder is struck by an arc of lightning.
The adder is moderately wounded.
The lightning grounds out.
The giant cockroach is struck by an arc of lightning.
You kill the giant cockroach!
You are struck by an arc of lightning.
The giant cockroach is struck by an arc of lightning.
The giant cockroach is almost dead.
The lightning grounds out.
The adder bites you.
* * * LOW HITPOINT WARNING * * *
The giant cockroach completely misses you.
Terence screams, "I want your blood!" The adder bites you.
* * * LOW HITPOINT WARNING * * *
You are lethally poisoned!
The adder poisons you!
Unknown command.
Unknown command.
Casting: Static Discharge (safe; 4% risk of failure)
Confirm with . or Enter, or press ? or * to list all spells.
The adder is struck by an arc of lightning!
The adder is almost dead.
You are struck by an arc of lightning.
You die...

#...................#
#.####.#####........#
#$...#≈≈≈#........#
#....#≈≈≈#........# #
#..S.#≈∩≈#.########
#.#.$.@#≈≈≈#.#
#......#≈≈≈#.#
#......##B##.#
#.####ZS@....#
........S..####
##.#########


You could see Terence, 3 adders, a giant cockroach and a centaur skeleton.

Vanquished Creatures
  A hound (D:3)
  A worm (D:2)
  2 dart slugs
  3 ball pythons
  4 bats
  5 endoplasms
  2 giant cockroaches
  7 goblins
  8 hobgoblins
  4 jackals (D:1)
  A quokka (D:1)
  5 frilled lizards
  3 kobolds (D:1)
  4 rats
50 creatures vanquished.

Vanquished Creatures (others)
  A fungus (D:1)
1 creature vanquished.

Grand Total: 51 creatures vanquished

Notes
Turn   | Place    | Note
-------+----------+-------------------------------------------
     0 | D:1      | Zeld the Tengu Air Elementalist began the quest for the
                  | Orb.
     0 | D:1      | Reached XP level 1. HP: 10/10 MP: 4/4
   180 | D:1      | Reached XP level 2. HP: 15/15 MP: 0/6
   312 | D:1      | Learned a level 2 spell: Static Discharge
   529 | D:1      | Reached XP level 3. HP: 17/19 MP: 2/7
   533 | D:1      | Learned a level 3 spell: Swiftness
   901 | D:1      | Found a faded altar of an unknown god.
  2543 | D:2      | Reached skill level 5 in Air Magic
  2794 | D:3      | Noticed Sigmund
  2800 | D:3      | Reached XP level 4. HP: 24/24 MP: 5/9
  3066 | D:3      | Found a glowing drain.
  3077 | D:3      | Noticed Terence
  3103 | D:3      | HP: 1/24 [adder (5)]
  3104 | D:3      | Killed from afar by themself

Illustrated notes

Levels and vault maps discovered:
D:1:      scummos_arrival_forest, layout_basic,
          shapermc_ecumenical_altar_mp_urbaneastern, minivault_27
D:2:      layout_loops_ring, guppyfry_early_lair_pool
D:3:      layout_basic, gup_sewer_entry_glass, minmay_ruptured, uniq_terence,
          uniq_sigmund

Skill      XL: |  1  2  3  4 |
---------------+-------------+-----
Conjurations   | 2 |  2.7
Air Magic      | 5 |  5.3
Spellcasting   | 3 |  3.1
Dodging        | |  2.1
Stealth        | |  2.0

Action                   |  1- 3 |  4- 6 || total
-------------------------+-------+-------++-------
Melee: Unarmed           |    36 |     2 ||    38
       Kick              |    17 |     1 ||    18
       Peck              |     5 |     2 ||     7
 Cast: Shock             |    25 |     1 ||    26
       Static Discharge  |    25 |     8 ||    33
 Stab: Sleeping          |     1 |       ||     1
Armor: Robe              |     7 |     1 ||     8
Dodge: Dodged            |    34 |    10 ||    44
